 Dungeon Crawl Stone Soup version 0.26-a0-958-gf3041fb45f (webtiles) character file.

Game seed: 6002198174436789463

119 miscthings the Vexing (level 4, -3/24 HPs)
             Began as a Vampire Enchanter on Nov 30, 2020.
             Slain by Natasha (5 damage)
             ... on level 2 of the Dungeon.
             The game lasted 00:03:33 (1058 turns).

miscthings the Vexing (Vampire Enchanter)           Turns: 1058, Time: 00:03:34

Health: -3/24      AC:  2    Str:  8    XL:     4   Next: 74%
Magic:  1/8        EV: 12    Int: 15    God:
Gold:   169        SH:  0    Dex: 14    Spells: 6/9 levels left

rFire    . . .     SeeInvis +   a - +1 dagger
rCold    + + .     Faith    .   (no shield)
rNeg     + + +     Spirit   .   b - +0 robe
rPois    ∞         Reflect  .   (no helmet)
rElec    .         Harm     .   (no cloak)
rCorr    .         Rampage  .   (no gloves)
MR       +....                  (no boots)
Stlth    +++++.....             (no amulet)
HPRegen  0.00/turn              (no ring)
MPRegen  0.11/turn              (no ring)

@: brilliant, bloodless, slowed, very slow
A: fangs 3, see invisible, dopey 1, magic resistance 1, unbreathing, no potion
heal 1
a: Bat Form, Revivify


You were on level 2 of the Dungeon.
You visited 1 branch of the dungeon, and saw 2 of its levels.

You collected 169 gold pieces.

Inventory:

Hand Weapons
 a - a +1 dagger (weapon)
Armour
 b - a +0 robe (worn)
Scrolls
 d - 3 scrolls of remove curse
 h - a scroll of identify {@r1}
 i - a scroll of immolation {unknown}
Potions
 f - a potion of haste
 l - a potion of curing {unknown}


   Skills:
 - Level 1.1 Short Blades
 - Level 2.1 Dodging
 - Level 4.4 Stealth
 + Level 3.1 Spellcasting
 + Level 6.5 Hexes
 + Level 1.3 Ice Magic


You had 6 spell levels left.
You knew the following spells:

 Your Spells              Type           Power        Failure   Level
a - Ensorcelled Hibernat  Hex/Ice        ###...       6%          2
b - Corona                Hex            ####...      1%          1

Your spell library contained the following spells:

 Spells                   Type           Power        Failure   Level
 Confusing Touch          Hex            ####....     4%          3
 Tukima's Dance           Hex            ####....     4%          3
 Dazzling Flash           Conj/Hex       ###...       16%         3


Dungeon Overview and Level Annotations

Branches:
Dungeon (2/15)

Altars:
Gozag

Annotations:
D:2 Natasha


Innate Abilities, Weirdness & Mutations

You do not regenerate when monsters are visible.
You are frail without blood (-20% HP).
You can heal yourself when you bite living creatures.
You are immune to poison.
You have razor-sharp teeth.
You have supernaturally acute eyesight. (SInv)
You can survive without breathing.
You are dopey. (Int -2)
You are resistant to hostile enchantments. (MR+)
Potions are less effective at restoring your health.


Message History

Natasha mumbles some strange words.
Natasha shimmers violently.
Natasha claws you.
* * * LOW HITPOINT WARNING * * *
Natasha casts a spell at you. You resist with some effort.
Blink to where?
Press: ? - help, Dir - move target, p - Natasha
As you read the scroll labelled XULAERU LATZA, it crumbles to dust.
It was a scroll of blinking.
It was a potion of mutation.
You feel extremely strange.
You feel stupid.
Your system partially rejects the healing effects of potions.
You feel resistant to hostile enchantments.
It was a potion of berserk rage.
You feel slightly irritated.
It was a potion of lignification.
You feel woody for a moment.
It was a potion of brilliance.
You feel clever all of a sudden. Natasha claws you.
You die...

##.....#.....
##.......>....
#...###.###...
#...#.....#...
#...#.#.###...
#...#.._..#...
#...###.#.#...
########..(#.....#...
#...@h(....###.###...
#.####..5......#....†
#)####..5#######
#.##)######h.## ##
#.............####.
.....................)
.................####.
...............### ##
................###


You could see Natasha and a white imp (summoned).

Vanquished Creatures
  Natasha (D:2)
  3 adders (D:2)
  An ooze (D:1)
  A worm (D:2)
  2 dart slugs (D:1)
  A leopard gecko (D:1)
  6 bats
  A giant cockroach (D:2)
  5 goblins
  8 hobgoblins
  6 jackals (D:2)
  8 kobolds
  2 ball pythons
  3 frilled lizards
  7 rats
55 creatures vanquished.

Notes
Turn   | Place    | Note
-------+----------+-------------------------------------------
     0 | D:1      | miscthings the Vampire Enchanter began the quest for the
                  | Orb.
     0 | D:1      | Reached XP level 1. HP: 13/13 MP: 3/3
    40 | D:1      | Reached skill level 5 in Hexes
    80 | D:1      | Reached XP level 2. HP: 18/19 MP: 3/5
    83 | D:1      | Learned a level 2 spell: Ensorcelled Hibernation
   286 | D:1      | Reached XP level 3. HP: 24/24 MP: 6/6
   471 | D:1      | You fall into a shaft and drop 1 floor!
   508 | D:2      | Reached skill level 6 in Hexes
   703 | D:2      | Reached XP level 4. HP: 24/24 MP: 8/8
   889 | D:2      | Noticed Natasha
   897 | D:2      | Reached skill level 1 in Ice Magic
   908 | D:2      | Killed Natasha
   976 | D:2      | Found an opulent altar of Gozag.
  1035 | D:2      | Noticed Natasha
  1055 | D:2      | Gained mutation: You are dopey. (Int -2) [potion of
                  | mutation]
  1055 | D:2      | Gained mutation: Potions are less effective at restoring
                  | your health. [potion of mutation]
  1055 | D:2      | Gained mutation: You are resistant to hostile enchantments.
                  | (MR+) [potion of mutation]
  1058 | D:2      | Slain by Natasha

Illustrated notes

Levels and vault maps discovered:
D:1:      dpeg_arrival_refuge, layout_loops_ring, minmay_vboxes
D:2:      layout_rooms, nicolae_gozag_cash_rules_everything_around_me,
          uniq_natasha

Skill      XL: |  1  2  3  4 |
---------------+-------------+-----
Hexes          | 5 6 |  6.5
Ice Magic      | 1 |  1.3
Spellcasting   | 3 |  3.1
Short Blades   | |  1.1
Dodging        | |  2.1
Stealth        | |  4.4

Action                   |  1- 3 |  4- 6 || total
-------------------------+-------+-------++-------
Melee: Dagger            |   131 |    38 ||   169
       Bite              |     5 |       ||     5
 Cast: Corona            |     1 |       ||     1
       Ensorcelled Hiber |    13 |    10 ||    23
 Abil: Exsanguinate      |     1 |       ||     1
  Use: Scroll            |     1 |     2 ||     3
       Potion            |       |     4 ||     4
 Stab: Sleeping          |    18 |    10 ||    28
Armor: Robe              |    29 |     4 ||    33
Dodge: Dodged            |   119 |    18 ||   137

Table legend: (Time is in decaauts)
 A = Elapsed time spent in this place.
 B = Non-inter-level travel time spent in this place.
 C = Inter-level travel time spent in this place.
 D = Time resting spent in this place.
 E = Time spent auto-exploring this place.
 F = Levels seen in this place.
 G = Mean time per level.
                   A        B        C        D        E       F      G
               +--------+--------+--------+--------+--------+-----+--------+
         Total |   1055 |   1055 |      0 |    117 |    499 |   2 |  527.5 |
       Dungeon |   1055 |   1055 |      0 |    117 |    499 |   2 |  527.5 |
               +--------+--------+--------+--------+--------+-----+--------+

Top non-repeatable levels by time:
     D:2: 588 daAuts
     D:1: 466 daAuts
